[Event "*** Titled Tuesday Blitz"]
[Site "Chess.com"]
[Date "2021.02.09"]
[Round "9"]
[White "MITerryble"]
[Black "sara_khm"]
[Result "1-0"]
[WhiteElo "2935"]
[BlackElo "2702"]
[TimeControl "180+1"]
[EndTime "11:43:22 PST"]
[Termination "MITerryble won by resignation"]

1. e4 e5 2. Nf3 Nc6 3. c3 d5 4. Qa4 f6 5. Bb5 Ne7 6. exd5 Qxd5 7. O-O Be6 8. d4 e4 9. Nfd2 a6 10. Bc4 Qd7 11. Re1 Bxc4 12. Qxc4 f5 13. f3 exf3 14. Nxf3 O-O-O 15. Bg5 h6 16. Bxe7 Bxe7 17. Nbd2 g5 18. Qe6 g4 19. Qxd7+ Rxd7 20. Ne5 Nxe5 21. Rxe5 f4 22.
Ne4 Rf8 23. Rf1 c6 24. Rh5 Rd5 25. Rxh6 Rb5 26. b4 a5 27. a3 axb4 28. axb4 f3 29.
Rh7 Bd8 30. Nd6+ 1-0

[Event "*** Titled Tuesday Blitz"]
[Site "Chess.com"]
[Date "2021.02.09"]
[Round "9"]
[White "skoularikii"]
[Black "PavelChernomordik"]
[Result "1-0"]
[WhiteElo "2501"]
[BlackElo "2377"]
[TimeControl "180+1"]
[EndTime "11:43:26 PST"]
[Termination "skoularikii won by resignation"]

1. e4 g6 2. d4 Bg7 3. Nf3 d6 4. h3 Nf6 5. Bd3 c5 6. d5 O-O 7.
O-O e6 8. c4 exd5 9. exd5 b5 10. cxb5 a6 11. Nc3 axb5 12. Bxb5 Ba6 13. Bf4 Qb6 14.
a4 Nbd7 15. Re1 Rfe8 16. Rxe8+ Rxe8 17. Bxa6 Qxa6 18. Nb5 Ne4 19. Nc7 Qc8 20. Nxe8 Qxe8 21.
Qe2 f5 22. a5 Qa8 23. a6 Nb6 24. a7 Nxd5 25. Qc4 Nf6 26. Bxd6 Kh8 27. Qxc5 h6 28. Qb5 Kh7 29. Qb8 Qc6 30. a8=Q Qc2 31. Qg8+ Nxg8 32. Qxd5 Qxb2 33. Ra7 Kh8 34. Rxg7 Kxg7 35.
Be5+ 1-0

[Event "*** Titled Tuesday Blitz"]
[Site "Chess.com"]
[Date "2021.02.09"]
[Round "9"]
[White "Nikolaj_6"]
[Black "Kretov_Evgenij"]
[Result "0-1"]
[WhiteElo "2630"]
[BlackElo "2529"]
[TimeControl "180+1"]
[EndTime "11:43:27 PST"]
[Termination "Kretov_Evgenij won by resignation"]

1. e4 c5 2. Nf3 Nc6 3. d4 cxd4 4.
Nxd4 g6 5. c4 Nf6 6. Nc3 d6 7.
Nc2 Bg7 8. Be2 O-O 9. O-O Nd7 10.
Bd2 Nc5 11. f3 f5 12. exf5 gxf5 13. Qc1 e5 14. Kh1 Ne6 15. Be3 f4 16. Bg1 Qe7 17. Nd5 Qf7 18. Bd3 Ng5 19. Qd2 Be6 20. Rad1 Rad8 21.
b3 Qh5 22. Ncb4 Rf7 23. Qe2 Re8 24. Bb1 a5 25. Nc2 e4 26. Nd4 Nxd4 27. Bxd4 exf3 28. gxf3 Bd7 29. Qf2 Bh3 30. Bxg7 Kxg7 31. Rg1 Kh6 32. Be4 Rxe4 33. fxe4 Nxe4 34. Qe1 Qf3+ 0-1

[Event "*** Titled Tuesday Blitz"]
[Site "Chess.com"]
[Date "2021.02.09"]
[Round "9"]
[White "Klavdia_Nik"]
[Black "Evachess2006"]
[Result "1-0"]
[WhiteElo "2063"]
[BlackElo "1619"]
[TimeControl "180+1"]
[EndTime "11:43:28 PST"]
[Termination "Klavdia_Nik won by resignation"]

1. Nf3 d5 2. c4 dxc4 3. Na3 Nf6 4. Nxc4 Nc6 5. b3 Bf5 6. Bb2 e6 7. g3 Bb4 8. Bg2 O-O 9. O-O Bg6 10. a3 Bc5 11. b4 Bb6 12. d3 Qe7 13. Qc2 Rad8 14.
Nxb6 cxb6 15. Rac1 Rc8 16. Qb3 b5 17. e4 a5 18. Rc5 axb4 19. axb4 Nxb4 20. Rxb5 Nc6 21.
Ba3 Qd7 22. Bxf8 Kxf8 23. Rxb7 Nd4 24. Nxd4 Qxd4 25. Qb4+ Qxb4 26. Rxb4 Rd8 27. Rb3 Nd7 28. d4 e5 29. d5 Nc5 30. Re3 f6 31. Rc1 Rc8 32.
Rec3 1-0

[Event "*** Titled Tuesday Blitz"]
[Site "Chess.com"]
[Date "2021.02.09"]
[Round "9"]
[White "Trovita84"]
[Black "canary2016"]
[Result "1/2-1/2"]
[WhiteElo "1969"]
[BlackElo "1976"]
[TimeControl "180+1"]
[EndTime "11:43:28 PST"]
[Termination "Game drawn by repetition"]

1. e4 e5 2. Nf3 Nf6 3. Nc3 Bb4 4. Bc4 O-O 5. d3 d6 6. O-O Be6 7. Bb3 Nbd7 8. Bg5 h6 9. Bh4 Bxb3 10. axb3 Qe7 11.
Nd5 Qe6 12. Nxb4 a5 13. Na2 d5 14. Nc3 dxe4 15. dxe4 Rad8 16. Qe2 b6 17. Rad1 Nc5 18. Bxf6 Qxf6 19. Qc4 Ne6 20. Nb5 c5 21. c3 Nf4 22.
Nc7 Qg6 23. g3 Nh3+ 24. Kg2 Qg4 25. Rxd8 Nf4+ 26. Kg1 Nh3+ 27. Kg2 Nf4+ 28. Kg1 Nh3+ 29. Kg2 1/2-1/2

[Event "*** Titled Tuesday Blitz"]
[Site "Chess.com"]
[Date "2021.02.09"]
[Round "9"]
[White "eduardoperalta"]
[Black "klimkoj"]
[Result "1-0"]
[WhiteElo "2413"]
[BlackElo "2539"]
[TimeControl "180+1"]
[EndTime "11:43:29 PST"]
[Termination "eduardoperalta won by resignation"]

1. d4 Nf6 2. c4 e6 3. Nf3 Bb4+ 4. Nc3 c5 5. e3 O-O 6. Bd3 d5 7. O-O Bxc3 8. bxc3 cxd4 9. cxd4 Nc6 10. Bb2 Bd7 11.
Qe2 Rc8 12. c5 b6 13. Rfc1 bxc5 14. Rxc5 Qb6 15. Ba3 Rfd8 16. Rb1 Qc7 17. h3 Rb8 18. Rbc1 Qb7 19. Ne5 Nxe5 20. dxe5 Ne8 21. e4 d4 22. Kh2 Ba4 23. f4 Qb6 24. f5 Bd7 25.
f6 g6 26. Qf2 Ba4 27. Qh4 a6 28. Qh6 Bb5 29. Rc6 Nxf6 30. Rxb6 1-0

[Event "*** Titled Tuesday Blitz"]
[Site "Chess.com"]
[Date "2021.02.09"]
[Round "9"]
[White "SergeiAza"]
[Black "Willychess95"]
[Result "1-0"]
[WhiteElo "2764"]
[BlackElo "2633"]
[TimeControl "180+1"]
[EndTime "11:43:35 PST"]
[Termination "SergeiAza won by resignation"]

1. e4 c5 2. Nf3 d6 3. d4 cxd4 4.
Nxd4 Nf6 5. Nc3 g6 6. Be3 a6 7. f3 b5 8. a4 b4 9. Nd5 Nxd5 10.
exd5 Bb7 11. Bc4 Bg7 12. Qd2 a5 13. O-O-O O-O 14. h4 Qc7 15. Bb3 Nd7 16. h5 Nc5 17.
Kb1 Rac8 18. Bh6 Nxb3 19. cxb3 e5 20. Bxg7 Kxg7 21. hxg6 exd4 22. Qh6+ Kf6 23. g7+ Ke5 24. gxf8=Q Qc2+ 25. Ka1 Rxf8 26. Rhe1+ Kxd5 27. Qxf8 1-0

[Event "*** Titled Tuesday Blitz"]
[Site "Chess.com"]
[Date "2021.02.09"]
[Round "9"]
[White "frazier69"]
[Black "Kobalia"]
[Result "0-1"]
[WhiteElo "2513"]
[BlackElo "2682"]
[TimeControl "180+1"]
[EndTime "11:43:35 PST"]
[Termination "Kobalia won on time"]

1. e4 c5 2. Nf3 e6 3. d4 cxd4 4. Nxd4 Nc6 5. Nc3 a6 6. Be2 d6 7. O-O Bd7 8. Be3 Nf6 9. a4 Nxd4 10. Qxd4 Bc6 11. f4 Be7 12. Bf3 O-O 13. a5 Nd7 14.
Qd2 Qc7 15. Kh1 Rac8 16. Rfd1 Rfe8 17. Qf2 Bf6 18. Bd4 e5 19. Be3 exf4 20. Bxf4 Be5 21. Qg3 Bxf4 22. Qxf4 Ne5 23. Be2 Re6 24. Rd4 Rce8 25.
Qf2 Qd8 26. b4 Rh6 27. Rad1 Ree6 28. Kg1 Qg5 29. Qg3 Qe7 30. h3 Reg6 31. Qe3 Rg5 32. Bf1 Rhg6 33. Kh2 h5 34. Nd5 Bxd5 35. Rxd5 h4 36. Qb6 Qf6 37. Rxd6 Qf4+ 38. Kh1 Nf3 0-1

[Event "*** Titled Tuesday Blitz"]
[Site "Chess.com"]
[Date "2021.02.09"]
[Round "9"]
[White "TST2014"]
[Black "mapleaff"]
[Result "1-0"]
[WhiteElo "2585"]
[BlackElo "2428"]
[TimeControl "180+1"]
[EndTime "11:43:36 PST"]
[Termination "TST2014 won by resignation"]

1. d4 Nf6 2. c4 e6 3. Nf3 d5 4.
Nc3 Be7 5. Bf4 O-O 6. e3 Nbd7 7. c5 c6 8. Bd3 b6 9. b4 a5 10. a3 Ba6 11. O-O Bxd3 12. Qxd3 Qc8 13. Rfb1 Qb7 14. h3 axb4 15. axb4 b5 16. Nd2 Rxa1 17. Rxa1 Ra8 18.
Qb1 Ra6 19. Nb3 Bd8 20. Ra2 Qa8 21. Rxa6 Qxa6 22. Qa2 Qxa2 23. Nxa2 Ne4 24. f3 g5 25. Bh2 Nef6 26. Na5 Kf8 27. Nxc6 Ke8 28. Nc3 h5 29.
Nxb5 g4 30. Nd6+ 1-0

[Event "*** Titled Tuesday Blitz"]
[Site "Chess.com"]
[Date "2021.02.09"]
[Round "9"]
[White "annacramling"]
[Black "publicaccountcze"]
[Result "0-1"]
[WhiteElo "2100"]
[BlackElo "2256"]
[TimeControl "180+1"]
[EndTime "11:43:36 PST"]
[Termination "publicaccountcze won on time"]

1. d4 d5 2. c4 e6 3. Nc3 c5 4. e3 Nf6 5. Nf3 a6 6. cxd5 Nxd5 7. Be2 cxd4 8. exd4 Nxc3 9. bxc3 Bd6 10. O-O O-O 11. c4 b6 12. Bb2 Bb7 13. Rc1 Qc7 14.
d5 Qe7 15. Qd4 f6 16. Qxb6 exd5 17. Rfe1 Bc5 18. Qb5 axb5 19. cxb5 Ba3 20. Rb1 Bb4 21. Red1 Qxe2 22. Nd4 Qe4 0-1

[Event "*** Titled Tuesday Blitz"]
[Site "Chess.com"]
[Date "2021.02.09"]
[Round "9"]
[White "MaevskiyNikolay"]
[Black "sopo-tereladze"]
[Result "1-0"]
[WhiteElo "2513"]
[BlackElo "2285"]
[TimeControl "180+1"]
[EndTime "11:43:39 PST"]
[Termination "MaevskiyNikolay won by resignation"]

1. d4 Nf6 2. c4 e6 3. g3 d5 4. Bg2 Be7 5. Nf3 O-O 6. O-O dxc4 7. Qc2 b5 8. a4 c6 9. axb5 cxb5 10. Ng5 h6 11. Nxf7 Rxf7 12. Bxa8 a6 13. e3 Nd5 14. Nc3 Nxc3 15. Qxc3 Bd7 16. Bg2 Qc7 17. d5 Kh8 18. dxe6 Bxe6 19. Bd2 Bf6 20. Qc2 Qc8 21.
Bc3 Bh3 22. Qe4 Bxc3 23. bxc3 Bf5 24. Qa8 Rc7 25. Rfd1 Bd3 26. Be4 Bxe4 27. Qxe4 Nc6 28. Rd6 a5 29. Qd5 b4 30. cxb4 axb4 31. Qxc4 Ne5 32.
Qd5 1-0

[Event "*** Titled Tuesday Blitz"]
[Site "Chess.com"]
[Date "2021.02.09"]
[Round "9"]
[White "francyIM"]
[Black "KafkaesqueKnight"]
[Result "1-0"]
[WhiteElo "2580"]
[BlackElo "2200"]
[TimeControl "180+1"]
[EndTime "11:43:42 PST"]
[Termination "francyIM won on time"]

1. d4 Nf6 2. c3 d5 3. Bf4 c5 4.
e3 Nc6 5. Nd2 Qb6 6. Qb3 c4 7.
Qc2 g6 8. b3 Bf5 9. Qb2 Nh5 10.
Bg5 h6 11. Bh4 g5 12. Be2 gxh4 13. Bxh5 e6 14. Bf3 Rc8 15. Ne2 Bd6 16. g3 a5 17.
e4 dxe4 18. Bxe4 Bxe4 19. Nxe4 Be7 20. O-O a4 21. b4 Na7 22. Nf4 Rd8 23. Qe2 Qc6 24.
Rad1 Bg5 25. d5 Qa6 26. dxe6 Bxf4 27. exf7+ Kxf7 28. Qf3 Kg7 29. Qxf4 Rdf8 30. Rd7+ 1-0

[Event "*** Titled Tuesday Blitz"]
[Site "Chess.com"]
[Date "2021.02.09"]
[Round "9"]
[White "QuintilianoR"]
[Black "zeitnot2006"]
[Result "1-0"]
[WhiteElo "2687"]
[BlackElo "2525"]
[TimeControl "180+1"]
[EndTime "11:43:44 PST"]
[Termination "QuintilianoR won by resignation"]

1. e4 c5 2. Nf3 e6 3. c3 Qa5 4. Na3 Nc6 5. Nc4 Qc7 6. d4 cxd4 7. cxd4 d5 8. exd5 exd5 9. Ne3 Be6 10. Bd2 Nf6 11. Rc1 Bd6 12. Bd3 O-O 13. O-O h6 14. Nf5 Bxf5 15. Bxf5 Rfe8 16. g3 Qb6 17. Bc3 Ne4 18.
Kg2 g6 19. Bxe4 dxe4 20. Nd2 Qa6 21. Re1 Qxa2 22. Nxe4 Red8 23. d5 Be5 24. Bxe5 Nxe5 25. Nf6+ Kg7 26. Qd4 1-0

[Event "*** Titled Tuesday Blitz"]
[Site "Chess.com"]
[Date "2021.02.09"]
[Round "9"]
[White "boasovietica"]
[Black "rugbyclub"]
[Result "1-0"]
[WhiteElo "2457"]
[BlackElo "2303"]
[TimeControl "180+1"]
[EndTime "11:43:44 PST"]
[Termination "boasovietica won by checkmate"]

1. e4 c5 2. Nf3 e6 3. d4 cxd4 4. Nxd4 Nf6 5. Nc3 d6 6. Be2 Be7 7. O-O a6 8. Kh1 Qc7 9. f4 b5 10. Bf3 Bb7 11. e5 dxe5 12. fxe5 Nfd7 13. Bxb7 Qxb7 14.
Qh5 O-O 15. Bg5 Bxg5 16. Qxg5 Nc6 17. Nf3 h6 18. Qf4 Rac8 19. Ne4 Rc7 20. Rad1 Na5 21. c3 Nc4 22. b3 Ncb6 23. Rd2 Nd5 24. Qg3 Nxc3 25.
Nf6+ Nxf6 26. exf6 g6 27. Qf4 Kh7 28. Rd4 Ne2 29. Qxh6+ Kxh6 30. Rh4# 1-0

[Event "*** Titled Tuesday Blitz"]
[Site "Chess.com"]
[Date "2021.02.09"]
[Round "9"]
[White "Walter_White_Poland"]
[Black "FMOlexandrProhorov"]
[Result "0-1"]
[WhiteElo "2273"]
[BlackElo "2153"]
[TimeControl "180+1"]
[EndTime "11:43:44 PST"]
[Termination "FMOlexandrProhorov won on time"]

1. e4 c5 2. Nf3 e6 3. d4 cxd4 4.
Nxd4 Qb6 5. Nc3 Bc5 6. Be3 Nf6 7. e5 Nd5 8. Nxd5 exd5 9. Qg4 Qxb2 10. Rd1 Qb4+ 11.
Rd2 O-O 12. Bd3 d6 13. Qh4 g6 14. exd6 Nc6 15. c3 Qxc3 16. O-O Nxd4 17. Bxd4 Qxd4 18.
Qh6 Qg7 0-1

[Event "*** Titled Tuesday Blitz"]
[Site "Chess.com"]
[Date "2021.02.09"]
[Round "9"]
[White "WiktoriaPOL"]
[Black "night_player"]
[Result "1-0"]
[WhiteElo "2033"]
[BlackElo "2162"]
[TimeControl "180+1"]
[EndTime "11:43:44 PST"]
[Termination "WiktoriaPOL won by resignation"]

1. e4 c5 2. d4 Nc6 3. dxc5 e5 4. Be3 Qa5+ 5. Qd2 Nf6 6. Qxa5 Nxa5 7. Nc3 Nc4 8. Bxc4 Be7 9. Nge2 O-O 10. O-O-O Rb8 11. Nd5 Nxd5 12. exd5 d6 13. cxd6 Bxd6 14. Bxa7 Ra8 15. Bb6 e4 16. Nc3 f5 17. Nb5 Bf4+ 18.
Kb1 Bd7 19. Nc7 Rac8 20. Ne6 Bxe6 21. dxe6 Rxc4 22. Rd7 Rc6 23. Bd4 Bh6 24. Re7 Rfc8 25. c3 R6c7 26. Rxc7 Rxc7 27. Rd1 Re7 28. Bc5 Rxe6 29.
Rd8+ Kf7 30. Rd7+ Kg6 31. Rxb7 f4 32. Rb6 Kf5 33. Rxe6 Kxe6 34. Kc2 Kd5 35. Bd4 g5 36. a4 Bf8 37. a5 Kc6 38. a6 h5 39. a7 Kb7 40. Kd2 g4 41. Ke2 h4 42. c4 g3 43.
fxg3 fxg3 44. hxg3 hxg3 45. Ke3 Bh6+ 46. Kxe4 Bc1 47. Kf3 Bxb2 48. Bxb2 Kxa7 49. Kxg3 Kb7 50. Kf4 1-0

[Event "*** Titled Tuesday Blitz"]
[Site "Chess.com"]
[Date "2021.02.09"]
[Round "9"]
[White "FlySooHigh"]
[Black "nrvisakh"]
[Result "0-1"]
[WhiteElo "2596"]
[BlackElo "2763"]
[TimeControl "180+1"]
[EndTime "11:43:47 PST"]
[Termination "nrvisakh won by resignation"]

1. e4 c5 2. Nf3 d6 3. Nc3 Nf6 4. e5 dxe5 5. Nxe5 Nbd7 6. d4 e6 7. Bf4 a6 8. Be2 cxd4 9. Qxd4 Bc5 10. Qa4 O-O 11. O-O-O Qe7 12. Bf3 Bb4 13. Ne4 Nd5 14. Nd3 Nxf4 15. Nxb4 Ne5 16. Qa5 b5 17. Nf6+ Qxf6 18.
Qc7 Nxf3 19. gxf3 a5 20. Nc6 Nd5 21. Qd6 Ra6 22. Rxd5 exd5 23. Ne7+ Kh8 24. Ng6+ fxg6 0-1

[Event "*** Titled Tuesday Blitz"]
[Site "Chess.com"]
[Date "2021.02.09"]
[Round "9"]
[White "VALPARAISO37"]
[Black "queen_iryna"]
[Result "0-1"]
[WhiteElo "2458"]
[BlackElo "2364"]
[TimeControl "180+1"]
[EndTime "11:43:48 PST"]
[Termination "queen_iryna won on time"]

1. d4 d6 2. e4 Nf6 3. f3 e5 4. d5 Be7 5. c4 c6 6. Be3 O-O 7. Nc3 Nh5 8. Qd2 h6 9. Bd3 Bg5 10.
Nge2 a5 11. O-O-O Na6 12. a3 Nc5 13. Bc2 cxd5 14. Nxd5 Be6 15. Kb1 Bxd5 16. cxd5 b5 17. g4 Bxe3 18. Qxe3 Nf4 19. Qxf4 exf4 20. Nd4 b4 21. a4 b3 22. Bxb3 Nxb3 23. Nxb3 Qb6 24. Nd4 Rab8 25. Nb5 Qe3 26. Rhf1 Qb3 27. Rd4 Rfc8 28.
Rf2 Rc4 29. Rxc4 Qxc4 30. Nxd6 Qc5 31. Rc2 Qxd6 32. Rc8+ Rxc8 0-1

[Event "*** Titled Tuesday Blitz"]
[Site "Chess.com"]
[Date "2021.02.09"]
[Round "9"]
[White "fabianvivasz"]
[Black "Atco84"]
[Result "0-1"]
[WhiteElo "2337"]
[BlackElo "2482"]
[TimeControl "180+1"]
[EndTime "11:43:50 PST"]
[Termination "Atco84 won by resignation"]

1. e4 c5 2. Nc3 d6 3. d4 cxd4 4. Qxd4 Nc6 5. Qd2 Nf6 6. b3 g6 7. Bb2 Bg7 8. O-O-O O-O 9. f3 Bd7 10. h4 h5 11. Nh3 Ne5 12. Ng5 Rc8 13. g4 hxg4 14.
f4 Nf3 15. Nxf3 gxf3 16. f5 Nh5 17. fxg6 fxg6 18. Rg1 Qe8 19. Bc4+ Rxc4 20. bxc4 Bh3 21. Nd5 f2 22. Rxg6 f1=Q 23. Rxf1 Rxf1+ 24. Qd1 Qxg6 25. Nxe7+ Kf7 26. Qxf1+ Bxf1 27. Nxg6 Kxg6 0-1

[Event "*** Titled Tuesday Blitz"]
[Site "Chess.com"]
[Date "2021.02.09"]
[Round "9"]
[White "Sam_ChessMood"]
[Black "Firouzja2003"]
[Result "1/2-1/2"]
[WhiteElo "2863"]
[BlackElo "3017"]
[TimeControl "180+1"]
[EndTime "11:43:52 PST"]
[Termination "Game drawn by repetition"]

1. e4 g6 2. d4 Bg7 3. Nc3 d6 4. Nf3 a6 5. a4 e6 6. Be2 Ne7 7. O-O O-O 8. Be3 b6 9. Qd2 Bb7 10. Bh6 Nd7 11. Bxg7 Kxg7 12. Bc4 Nf6 13. Rfe1 d5 14.
exd5 Nexd5 15. Nxd5 Bxd5 16. Bxd5 Qxd5 17. Qd3 Rfd8 18.
c4 Qd6 19. Qc3 a5 20. Rad1 Qb4 21. Qxb4 axb4 22. b3 Nd7 23. Rd2 Nb8 24. Ne5 f6 25. Nf3 Kf7 26. g4 g5 27. h4 h6 28. hxg5 hxg5 29.
Kg2 Nc6 30. Rh1 Rh8 31. Rxh8 Rxh8 32. d5 Na5 33. dxe6+ Kxe6 34. Nd4+ Kf7 35. Nf5 Ke6 36.
Rd3 Rh7 37. Nd4+ Ke5 38. f3 Rd7 39. Nc6+ Ke6 40. Rxd7 Kxd7 41. Nxa5 bxa5 42. f4 Ke6 43. Kf3 gxf4 44. Kxf4 Ke7 45. Kf5 Kf7 46. g5 fxg5 47.
Kxg5 Ke6 48. Kf4 Kd6 49. Ke4 Ke6 50. Kd4 Kd6 51. Ke4 Ke6 52. Kd4 Kd6 53. Ke4 1/2-1/2

[Event "*** Titled Tuesday Blitz"]
[Site "Chess.com"]
[Date "2021.02.09"]
[Round "9"]
[White "juancruzarias"]
[Black "TomasKapitanchuk"]
[Result "1/2-1/2"]
[WhiteElo "2627"]
[BlackElo "2518"]
[TimeControl "180+1"]
[EndTime "11:43:52 PST"]
[Termination "Game drawn by repetition"]

1. d4 Nf6 2. Nf3 e6 3. e3 c5 4. Bd3 b6 5. O-O Bb7 6. c4 Be7 7. Nc3 d6 8. d5 exd5 9. cxd5 O-O 10. e4 Re8 11. h3 Bf8 12. Bf4 a6 13. a4 c4 14. Bc2 Nbd7 15. Nd4 Nc5 16. Re1 g6 17. Bh2 Bg7 18. f4 Nxd5 19. exd5 Rxe1+ 20. Qxe1 Bxd4+ 21. Kh1 Qd7 22. f5 Re8 23. Qh4 Bg7 24. Qxc4 Be5 25. Bxe5 Rxe5 26. b4 b5 27. axb5 axb5 28. Qxb5 Qe7 29.
bxc5 Re1+ 30. Rxe1 Qxe1+ 31. Kh2 Qe5+ 32. Kh1 Qe1+ 33.
Kh2 Qe5+ 34. Kg1 Qxc3 35. Qxb7 Qe1+ 36. Kh2 Qe5+ 37. Kg1 Qe1+ 38. Kh2 Qe5+ 39. Kh1 Qe1+ 40. Kh2 1/2-1/2

[Event "*** Titled Tuesday Blitz"]
[Site "Chess.com"]
[Date "2021.02.09"]
[Round "9"]
[White "azikom"]
[Black "lelajavakhishvili"]
[Result "0-1"]
[WhiteElo "2630"]
[BlackElo "2501"]
[TimeControl "180+1"]
[EndTime "11:43:52 PST"]
[Termination "lelajavakhishvili won on time"]

1. d4 Nf6 2. Nf3 e6 3. c4 d5 4. e3 Be7 5. Nc3 O-O 6. b3 c5 7. Bb2 cxd4 8. Nxd4 Nc6 9. cxd5 Nxd5 10. Nxc6 bxc6 11.
Rc1 Qa5 12. Qc2 Rd8 13. Be2 Nb4 14. Qb1 Ba6 15. O-O Nd3 16. Rc2 Nxb2 17. Bxa6 Qxa6 18. Qxb2 Bf6 19. g3 Rd3 20. Rfc1 Rad8 21. Kg2 h5 22. h4 c5 23. Qb1 Qc6+ 24. Kg1 Qf3 25. Ne2 Rd2 0-1

[Event "*** Titled Tuesday Blitz"]
[Site "Chess.com"]
[Date "2021.02.09"]
[Round "9"]
[White "J36225"]
[Black "CakeinSpace2002"]
[Result "1/2-1/2"]
[WhiteElo "2471"]
[BlackElo "2364"]
[TimeControl "180+1"]
[EndTime "11:43:52 PST"]
[Termination "Game drawn by agreement"]

1. e4 c5 2. Nf3 Nc6 3. Bb5 g6 4.
Bxc6 dxc6 5. d3 Bg7 6. h3 Qc7 7. O-O e5 8. Be3 b6 9. a4 a5 10.
Nbd2 Ne7 11. Nc4 Be6 12. b3 O-O 13. Qd2 Rad8 14. Bh6 f6 15. Bxg7 Kxg7 16. Qe3 g5 17. Nh2 Ng6 18. c3 Nf4 19. Rad1 Bxc4 20. dxc4 Rxd1 21. Rxd1 Rd8 22. Rxd8 Qxd8 23. Nf3 Qd1+ 24.
Kh2 h5 25. Ng1 Qxb3 26. g3 Ng6 27. Qd3 h4 28. Ne2 Qxa4 29. Qd7+ Kh6 30. gxh4 gxh4 31.
Qd2+ Kg7 32. Qd7+ Kh6 33. Qd2+ Kg7 34. Qd7+ 1/2-1/2

[Event "*** Titled Tuesday Blitz"]
[Site "Chess.com"]
[Date "2021.02.09"]
[Round "9"]
[White "ElCoachRene"]
[Black "KruHor"]
[Result "0-1"]
[WhiteElo "2191"]
[BlackElo "2530"]
[TimeControl "180+1"]
[EndTime "11:43:57 PST"]
[Termination "KruHor won by resignation"]

1. d4 Nf6 2. Bf4 h6 3. e3 d6 4. h3 Nc6 5. Nf3 Bf5 6. Bb5 a6 7. Ba4 e6 8. O-O Be7 9. c4 O-O 10. Nc3 Na5 11. Qe2 c6 12. b4 Nxc4 13. e4 Bh7 14.
Bb3 Nb6 15. e5 Nfd5 16. Nxd5 Nxd5 17. Bd2 dxe5 18. dxe5 Bxb4 19. Bxb4 Nxb4 20. Rad1 Nd5 21. Rfe1 Qa5 22. g3 Rad8 23. Rd4 Ne7 24. Rg4 Bf5 25.
Rh4 Ng6 26. Rh5 Rd7 27. g4 Nf4 28. Qe3 Nxh5 29. gxf5 exf5 30. Bc2 Re7 31. Bxf5 Nf6 32. Qf4 Nd5 33. Qg3 Rfe8 34. Re4 Qxa2 35. Rg4 f6 36.
exf6 Nxf6 37. Rg6 a5 38. Rxf6 Qa1+ 39. Kg2 Qxf6 40. Bg6 Rf8 41. Bh5 a4 42. Nh4 Qxf2+ 43. Qxf2 Rxf2+ 44. Kxf2 a3 45. Bd1 a2 46. Bb3+ Rf7+ 47. Kg2 a1=Q 0-1

[Event "*** Titled Tuesday Blitz"]
[Site "Chess.com"]
[Date "2021.02.09"]
[Round "9"]
[White "Balla_Tamas"]
[Black "CM_rui"]
[Result "0-1"]
[WhiteElo "2469"]
[BlackElo "2378"]
[TimeControl "180+1"]
[EndTime "11:43:58 PST"]
[Termination "CM_rui won by checkmate"]

1. e4 e5 2. Nf3 Nc6 3. Bc4 Bc5 4. O-O Nf6 5. d3 O-O 6. c3 h6 7. b4 Bb6 8. a4 a6 9. Qe2 d6 10. Be3 Bxe3 11. fxe3 Bg4 12. Nbd2 Qe7 13. h3 Be6 14. g4 Bxc4 15. Nxc4 d5 16. exd5 Nxd5 17. b5 axb5 18.
axb5 Rxa1 19. Rxa1 Nd8 20. Nfxe5 Nxc3 21. Qb2 Nd5 22.
e4 Nf4 23. Qh2 Qc5+ 24. Kh1 Nxd3 25. Qg3 Qd4 26. Rf1 Qxe4+ 27. Kh2 Nxe5 28. Nxe5 Ne6 29. h4 Nd4 30. g5 Ne2 31. Qg4 Qxe5+ 32. Kh3 h5 33.
Qf3 Nd4 34. Qxh5 Nf5 35. Qf3 g6 36. Qxb7 Qg3# 0-1

[Event "*** Titled Tuesday Blitz"]
[Site "Chess.com"]
[Date "2021.02.09"]
[Round "9"]
[White "Spartakus1975"]
[Black "Orest_Vovk"]
[Result "1-0"]
[WhiteElo "2577"]
[BlackElo "2422"]
[TimeControl "180+1"]
[EndTime "11:43:59 PST"]
[Termination "Spartakus1975 won on time"]

1. e4 g5 2. d4 g4 3. Qxg4 d5 4. Qe2 dxe4 5. Qxe4 Nf6 6. Qd3 Nc6 7. c3 Qd5 8. Nf3 Bf5 9. Qb5 Qe6+ 10. Be3 O-O-O 11. Nbd2 Nd5 12. Bc4 Bh6 13. O-O-O Bxe3 14. fxe3 a6 15. Qc5 b6 16. Qa3 Qxe3 17. Rhe1 Qf2 18. Re2 Qxe2 19.
Qxa6+ Kb8 20. Bxe2 Nf4 21. Bf1 Na5 22. g3 Ne6 23. Ne5 Bg6 24. Bg2 1-0

[Event "*** Titled Tuesday Blitz"]
[Site "Chess.com"]
[Date "2021.02.09"]
[Round "9"]
[White "Stormeman100100"]
[Black "Sergienko_Sergey"]
[Result "1-0"]
[WhiteElo "2533"]
[BlackElo "2387"]
[TimeControl "180+1"]
[EndTime "11:44:03 PST"]
[Termination "Stormeman100100 won on time"]

1. d4 Nf6 2. Bf4 d5 3. e3 e6 4.
Nf3 Bd6 5. Bxd6 Qxd6 6. c4 O-O 7. Nc3 a6 8. cxd5 exd5 9. Bd3 Bg4 10. h3 Bh5 11. g4 Bg6 12. Qe2 Nbd7 13. O-O-O Ne4 14.
Bxe4 dxe4 15. Nd2 Rfe8 16. h4 h6 17. Rhg1 c5 18. dxc5 Qxc5 19. Nb3 Qc7 20. Kb1 Nb6 21. Nd4 Nc4 22. h5 Bh7 23. g5 hxg5 24. Rxg5 Re5 25. Rdg1 Rxg5 26. Rxg5 b5 27. Qg4 f6 28. Ne6 1-0

[Event "*** Titled Tuesday Blitz"]
[Site "Chess.com"]
[Date "2021.02.09"]
[Round "9"]
[White "LiamVrolijk"]
[Black "AlexTriapishko"]
[Result "1/2-1/2"]
[WhiteElo "2892"]
[BlackElo "2866"]
[TimeControl "180+1"]
[EndTime "11:44:04 PST"]
[Termination "Game drawn by repetition"]

1. d4 Nf6 2. c4 e6 3. Nf3 d5 4. Nc3 Bb4 5. cxd5 exd5 6. Bf4 c6 7. e3 Bf5 8. Nh4 Be4 9. Qb3 Qb6 10. f3 Bg6 11. g4 Nbd7 12. Nxg6 hxg6 13. h4 Nf8 14. Bd3 Ne6 15. Bg3 O-O-O 16. O-O-O Bd6 17. Qxb6 axb6 18. Bf2 b5 19. Kb1 Kb8 20. Ne2 Nd7 21. Ng3 Nb6 22.
h5 gxh5 23. gxh5 Nc4 24. Nf5 Bc7 25. Kc2 Rde8 26. Rdg1 Reg8 27. Ne7 Re8 28. Nf5 Reg8 29. Ne7 Re8 30. Nf5 1/2-1/2

[Event "*** Titled Tuesday Blitz"]
[Site "Chess.com"]
[Date "2021.02.09"]
[Round "9"]
[White "chessdjw"]
[Black "AlexOstrovskiy"]
[Result "1-0"]
[WhiteElo "2662"]
[BlackElo "2757"]
[TimeControl "180+1"]
[EndTime "11:44:06 PST"]
[Termination "chessdjw won on time"]

1. c4 g6 2. d4 Bg7 3. Nc3 e6 4. Nf3 Ne7 5. h4 h6 6. Bf4 d6 7. Qd2 b6 8. e4 Bb7 9. O-O-O Nd7 10. Kb1 a6 11. Bd3 Nf6 12. Rhe1 Ng4 13. Bc2 Qd7 14. Ba4 b5 15. cxb5 axb5 16. Bxb5 c6 17. Bf1 O-O 18. Ng1 Kh7 19. f3 Nf6 20. g4 Nfg8 21. Nh3 Ba6 22. Qh2 Bxf1 23. Rxf1 d5 24. Bd6 Rfd8 25. Ng5+ hxg5 26. hxg5+ Nh6 27. e5 Nc8 28. Bc5 Ra6 29. Rh1 Nb6 30. Qxh6+ Bxh6 31. Rxh6+ Kg7 32. Rdh1 1-0

[Event "*** Titled Tuesday Blitz"]
[Site "Chess.com"]
[Date "2021.02.09"]
[Round "9"]
[White "DinaBelenkaya"]
[Black "Kapibara_Warri0r"]
[Result "1-0"]
[WhiteElo "2352"]
[BlackElo "2193"]
[TimeControl "180+1"]
[EndTime "11:44:07 PST"]
[Termination "DinaBelenkaya won by checkmate"]

1. e4 c5 2. Nc3 d6 3. g3 g6 4.
Bg2 Bg7 5. d3 Nc6 6. Nge2 Rb8 7.
O-O e6 8. Be3 b5 9. d4 b4 10.
Na4 c4 11. d5 Ne5 12. Bxa7 Ra8 13. Bb6 Qd7 14. b3 Ba6 15. dxe6 fxe6 16. f4 Ng4 17.
Bd4 e5 18. Nb6 Qb7 19. fxe5 dxe5 20. Bc5 Rd8 21. Qc1 N8f6 22. h3 Nh6 23. Rxf6 Bxf6 24.
Qxh6 cxb3 25. Nd5 Rxd5 26. exd5 b2 27. Re1 Bxe2 28. d6 Qb5 29. Qe3 O-O 30. Bd5+ Kh8 31.
d7 Bg5 32. Qxe5+ Bf6 33. Bd4 h6 34. Qxf6+ Rxf6 35. Bxf6+ Kh7 36. d8=Q Qc5+ 37. Kg2 Bf3+ 38. Kxf3 h5 39. Qg8+ Kh6 40. Qg7# 1-0